 Dungeon Crawl Stone Soup version 0.24-a0-584-g9d6b971ae4 (webtiles) character file.

Game seed: 12875692837516692677, levelgen mode: deterministic

779 Mithandil the Skirmisher (level 7, 0/56 HPs)
             Began as a Demonspawn Abyssal Knight on Sept 5, 2019.
             Was a Priest of Lugonu.
             Slain by Menkaure (13 damage)
             ... on level 4 of the Dungeon.
             The game lasted 00:23:08 (5240 turns).

Mithandil the Skirmisher (DsAK)                     Turns: 5240, Time: 00:23:09

Health: 0/56       AC: 12    Str: 14    XL:     7   Next: 54%
Magic:  0/10       EV:  4    Int: 13    God:    Lugonu [***...]
Gold:   214        SH:  4    Dex: 13    Spells: 6/6 levels left

rFire    + . .     SeeInvis .   b - +0 trident (flame)
rCold    . . .     Gourm    .   (no shield)
rNeg     . . .     Faith    .   x - +0 plate armour
rPois    .         Spirit   +   (no helmet)
rElec    .         Reflect  .   i - scarf {Spirit}
rCorr    .         Harm     .   (no gloves)
MR       .....                  d - +0 pair of boots
Stlth    ..........             (no amulet)
HPRegen  0.18/turn              (no ring)
MPRegen  0.12/turn              (no ring)

@: no status effects
A: large bone plates 1, fire resistance 1, flame cloud immunity
a: Depart the Abyss, Bend Space, Banish, Renounce Religion


You were on level 4 of the Dungeon.
You worshipped Lugonu.
Lugonu was most pleased with you.
You were not hungry.

You visited 1 branch of the dungeon, and saw 7 of its levels.
You visited the Abyss 1 time.

You collected 214 gold pieces.

Inventory:

Hand Weapons
 a - a +0 short sword of venom
 b - a +0 trident of flaming (weapon)
 j - a +1 falchion
Missiles
 f - 108 stones
 g - 25 poisoned darts (quivered)
 o - 42 bolts
 p - 13 boomerangs
 q - 11 atropa-tipped darts
 r - 24 sling bullets
Armour
 d - a +0 pair of boots (worn)
 i - a scarf of spirit shield (worn)
 u - a +0 ring mail
 w - a +3 scale mail of fire resistance
 x - a +0 plate armour (worn)
Wands
 t - a wand of disintegration (6)
Scrolls
 e - a scroll of amnesia
 h - a scroll of enchant weapon {unknown}
 k - a scroll of teleportation {unknown}
 l - a scroll of remove curse {unknown}
 m - a scroll of magic mapping {unknown}
 n - 2 scrolls of identify
 s - a scroll of enchant armour {unknown}
Comestibles
 c - 10 rations


   Skills:
 * Level 5.0 Fighting
 + Level 1.8(2.5) Short Blades
 - Level 2.8(3.1) Long Blades
 + Level 1.5 Polearms
 + Level 3.0 Armour
 + Level 2.5 Dodging
 + Level 2.3 Stealth
 + Level 2.1 Unarmed Combat
 + Level 4.3 Invocations


You had 6 spell levels left.
You didn't know any spells.
Your spell library was empty.

Dungeon Overview and Level Annotations

Branches:
Dungeon (7/15)
 Temple: D:4-7

Altars:
Qazlal
Zin

Shops:
D:4 ?

Annotations:
D:4 Menkaure


Innate Abilities, Weirdness & Mutations

You are partially covered in large bone plates. (SH +4)
Your flesh is heat resistant. (rF+)
You are immune to clouds of flame.


Message History

Menkaure draws the symbol "Udjat" in the dust.
You puncture Menkaure! You burn Menkaure.
Menkaure is heavily damaged.
Menkaure calls on the powers of darkness!
Your body is wracked with pain!
You hit Menkaure. You burn Menkaure.
Menkaure is severely damaged.
Menkaure hits you!
You hit Menkaure. You burn Menkaure.
Menkaure is almost destroyed.
Menkaure hits you but does no damage.
You hit Menkaure but do no damage.
Menkaure is almost destroyed.
Menkaure calls on the powers of darkness!
Your body is wracked with pain!
* * * LOW HITPOINT WARNING * * *
You barely miss Menkaure.
Menkaure is almost destroyed.
Menkaure hits you!
You die...

#........# ≈. #........
#....#
#......<.###§###........
#....#
#..S....................
#.....
######..................
#..... #.................
#.....
########.......#'#####....#
#......#.......#....##....#
#......#..M....#....##....#
#......#..@....#...........
##.....'.......#...........
#.....#.......#.)........#
###'###.......'..........#
.... #.......#######'####
#.... #......## .####....#
#.....#......# ..........
#.....#......# ..........
#.....#......# ..........


You could see Menkaure.

Vanquished Creatures
  The ghost of Siffty the Charmwright, an amateur HuSk (D:3)
  2 bullfrogs
  2 hounds
  An orc priest (D:4)
  2 jellies
  Ijyb (D:3)
  Terence (D:3)
  Natasha (twice) (D:3)
  3 orc wizards
  2 worker ants
  A hound skeleton (D:4)
  3 gnolls (D:5)
  5 adders
  4 worms
  2 dart slugs
  3 leopard geckos
  11 orcs
  A giant cockroach (D:1)
  5 goblins
  9 hobgoblins
  11 jackals
  3 kobolds
  A quokka (D:3)
  4 ball pythons
  7 bats
  6 frilled lizards
  9 rats
102 creatures vanquished.

Vanquished Creatures (others)
  Natasha (D:3)
1 creature vanquished.

Grand Total: 103 creatures vanquished

Notes
Turn   | Place    | Note
-------+----------+-------------------------------------------
     0 | Abyss:1  | Mithandil the Demonspawn Abyssal Knight began the quest for
                  | the Orb.
     0 | Abyss:1  | Reached XP level 1. HP: 18/18 MP: 2/2
    16 | Abyss:2  | Noticed a wretched star
    25 | Abyss:2  | Noticed a large abomination
    27 | D:1      | Escaped the Abyss
   114 | D:1      | Reached skill level 1 in Dodging
   272 | D:2      | Reached * piety under Lugonu
   272 | D:2      | Gained mutation: You are partially covered in large bone
                  | plates. (SH +4) [demonic ancestry]
   272 | D:2      | Reached XP level 2. HP: 14/24 MP: 3/3
   410 | D:1      | You fall into a shaft and drop 1 floor!
   655 | D:2      | Reached XP level 3. HP: 14/29 MP: 5/5
  1420 | D:2      | Reached ** piety under Lugonu
  1493 | D:3      | Gained mutation: Your flesh is heat resistant. (rF+)
                  | [demonic ancestry]
  1493 | D:3      | Reached XP level 4. HP: 8/37 MP: 2/6
  1814 | D:3      | Reached skill level 1 in Stealth
  1849 | D:3      | Found a glowing silver altar of Zin.
  1857 | D:4      | Noticed Menkaure
  2618 | D:3      | Noticed Natasha
  2637 | D:3      | Killed Natasha
  2637 | D:3      | Reached skill level 1 in Unarmed Combat
  2674 | D:3      | Noticed a bullfrog
  2675 | D:3      | Found a runed translucent door.
  2677 | D:3      | Noticed Siffty's ghost (amateur HuSk)
  2681 | D:3      | Noticed Natasha
  2694 | D:3      | Killed Natasha
  2694 | D:3      | Reached XP level 5. HP: 27/42 MP: 5/7
  2816 | D:3      | Reached skill level 4 in Fighting
  3046 | D:3      | Noticed Terence
  3049 | D:3      | Noticed Natasha
  3057 | D:3      | Killed Terence
  3059 | D:3      | Killed Natasha
  3383 | D:3      | Noticed Ijyb
  3399 | D:3      | Killed Ijyb
  3699 | D:3      | Found a stormy altar of Qazlal.
  3758 | D:3      | Gained mutation: You are immune to clouds of flame.
                  | [demonic ancestry]
  3758 | D:3      | Reached XP level 6. HP: 22/49 MP: 5/8
  3776 | D:3      | HP: 1/49 [Siffty's ghost (4)]
  4116 | D:3      | Killed Siffty's ghost
  4116 | D:3      | Reached skill level 1 in Short Blades
  4481 | D:4      | Reached skill level 1 in Polearms
  4564 | D:4      | Reached XP level 7. HP: 28/55 MP: 7/9
  4716 | D:5      | Entered Level 5 of the Dungeon
  4726 | D:5      | Reached *** piety under Lugonu
  4890 | D:7      | Found a glowing silver altar of Zin.
  4902 | D:7      | Reached skill level 5 in Fighting
  5215 | D:4      | Found Lanuc's Magic Scroll Emporium.
  5240 | D:4      | Slain by Menkaure

Levels and vault maps discovered:
D:1:      sevenhm_arrival_forest_fort_small_3, layout_basic
D:2:      layout_basic
D:3:      layout_loops_cross, lemuel_doored_altar, marbit_many_paths,
          ebering_ghost_sewer_d, uniq_natasha, uniq_terence, uniq_ijyb
D:4:      layout_gridville, serial_shops, kennysheep_little_box, first_ration,
          hangedman_decor_clover_reticule, uniq_menkaure
D:5:      layout_loops_corners, uniq_duvessa
D:6:      layout_rooms, grunt_temple_overflow_holy_war,
          minmay_temple_entry_ruins, nrook_campfire
D:7:      layout_basic, kennysheep_mini_moat, basic_altar, serial_shops,
          nicolae_shop_trees

Skill      XL: |  1  2  3  4  5  6  7 |
---------------+----------------------+-----
Dodging        | 1 2 |  2.5
Long Blades    | 2 |  2.8
Armour         | 2 3 |  3.0
Stealth        | 1 2 |  2.3
Invocations    | 3 4 |  4.3
Unarmed Combat | 1 2 |  2.1
Fighting       | 4 5 |  5.0
Short Blades   | 1 |  1.8
Polearms       | 1 |  1.5

Action                   |  1- 3 |  4- 6 |  7- 9 || total
-------------------------+-------+-------+-------++-------
Melee: Falchion          |   109 |    48 |       ||   157
       Short sword       |       |   189 |    88 ||   277
       Punch             |       |     4 |       ||     4
       Trident           |       |       |     5 ||     5
Invok: Depart the Abyss  |     1 |       |       ||     1
  Use: Potion            |     3 |     3 |       ||     6
       Scroll            |     2 |     4 |       ||     6
  Eat: Chunk             |     1 |    11 |     2 ||    14
Armor: Leather armour    |    36 |       |       ||    36
       Ring mail         |     8 |    45 |       ||    53
       Scale mail        |       |    59 |    41 ||   100
       Chain mail        |       |     5 |       ||     5
       Plate armour      |       |       |     2 ||     2
Dodge: Dodged            |    98 |   130 |    62 ||   290
Block: Other             |    24 |    54 |    21 ||    99
       Rpst.: Falchion   |    40 |    16 |       ||    56

Table legend:
 A = Non-vault XP
 B = Vault XP
 C = Vault XP percentage of total XP
 D = Non-vault monster count
 E = Vault monster count
 F = Vault count percentage of total count
                 A         B        C        D         E       F
            +---------+---------+-------+---------+---------+-------
      Total |     778 |     335 |  30.1 |      95 |       8 |   7.8
            +---------+---------+-------+---------+---------+-------
        D:1 |      30 |       0 |   0.0 |      16 |       0 |   0.0
        D:2 |      79 |       0 |   0.0 |      30 |       0 |   0.0
        D:3 |     124 |     335 |  73.0 |      21 |       8 |  27.6
        D:4 |     242 |       0 |   0.0 |      16 |       0 |   0.0
        D:5 |      90 |       0 |   0.0 |       8 |       0 |   0.0
        D:6 |     171 |       0 |   0.0 |       3 |       0 |   0.0
        D:7 |      42 |       0 |   0.0 |       1 |       0 |   0.0
            +---------+---------+-------+---------+---------+-------
